 Dungeon Crawl Stone Soup version 0.21.1-1-g345015f (webtiles) character file.

135 diana the Slasher (level 4, -2/33 HPs)
             Began as a Demonspawn Gladiator on June 1, 2018.
             Slain by a bullfrog (6 damage)
             ... on level 4 of the Dungeon.
             The game lasted 00:02:50 (2399 turns).

diana the Slasher (Demonspawn Gladiator)            Turns: 2399, Time: 00:02:50

Health: -2/33      AC:  7    Str: 16    XL:     4   Next: 96%
Magic:  4/4        EV: 12    Int:  9    God:
Gold:   221        SH:  0    Dex: 14    Spells: 3/3 levels left

rFire    . . .     SeeInvis .   a - +0 long sword
rCold    . . .     Gourm    .   (no shield)
rNeg     . . .     Faith    .   b - +0 leather armour
rPois    .         Spirit   .   c - +0 helmet
rElec    .         Reflect  .   (no cloak)
rCorr    .         Harm     .   (no gloves)
MR       .....                  (no boots)
Stlth    +.........             (no amulet)
HPRegen  0.11/turn              (no ring)
MPRegen  0.09/turn              (no ring)

@: no status effects
A: icy blue scales 2
a: no special abilities


You were on level 4 of the Dungeon.
You were hungry.

You visited 1 branch of the dungeon, and saw 4 of its levels.

You collected 221 gold pieces.

Inventory:

Hand Weapons
 a - a +0 long sword (weapon)
Missiles
 d - 3 throwing nets (quivered)
Armour
 b - a +0 leather armour (worn)
 c - a +0 helmet (worn)
Scrolls
 g - 3 scrolls of enchant armour {unknown}
 h - 8 scrolls of identify {unknown}
 i - a scroll of magic mapping {unknown}
 j - a scroll of blinking {unknown}
 k - 5 scrolls of remove curse {unknown}
 n - 2 scrolls of fear {unknown}
 r - a scroll of amnesia {unknown}
Potions
 e - 2 potions of curing {unknown}
 l - 2 potions of might {unknown}
 m - a potion of agility {unknown}
 o - a potion of berserk rage {unknown}
 p - a potion of brilliance {unknown}
Comestibles
 f - 5 rations


   Skills:
 - Level 2.0 Fighting
 + Level 5.2 Long Blades
 - Level 1.7 Throwing
 - Level 2.6 Dodging


You had 3 spell levels left.
You didn't know any spells.

Dungeon Overview and Level Annotations

Branches:
Dungeon (4/15)
 Temple: D:4-7

Altars:
Gozag

Annotations:
D:4 Tiareth's ghost, amateur DEWz


Innate Abilities, Weirdness & Mutations

You are mostly covered in icy blue scales. (AC +3)


Message History

The adder bites you but does no damage.
You are too injured to fight recklessly!
You are too injured to fight recklessly!
You are too injured to fight recklessly!
The bullfrog closely misses you.
You riposte.
You closely miss the bullfrog.
The bullfrog is moderately wounded.
The bullfrog closely misses you.
You riposte.
You barely miss the bullfrog.
The bullfrog is moderately wounded.
The adder bites you. The bullfrog barely misses you.
The bullfrog closely misses you. The bullfrog hits you.
* * * LOW HITPOINT WARNING * * *
The bullfrog hits you.
* * * LOW HITPOINT WARNING * * *
The bullfrog hits you.
* * * LOW HITPOINT WARNING * * *
There is a stone staircase leading down here.
The bullfrog barely misses you. The adder misses you. The bullfrog hits you.
You die...

#.####.#.##.#####
#.##.....##.....##
#................##
#..............<..#
..................#
..................#
..................#
#>.............S..#
#..............F@.#
..#..............##
.###.....##.....##
. ##....##.#####
#.#.###.# ...#.#
#.# #.####.# #.# .
..# #.# ###
#.######


You could see a bullfrog and an adder.

Vanquished Creatures
  2 hounds
  An adder (D:3)
  An ooze (D:1)
  An adder skeleton (D:4)
  2 dart slugs
  2 leopard geckos (D:3)
  An orc (D:3)
  8 bats
  A giant cockroach (D:4)
  6 goblins
  12 hobgoblins
  6 kobolds
  2 quokkas (D:4)
  4 frilled lizards
  3 rats
52 creatures vanquished.

Notes
Turn   | Place    | Note
-------+----------+-------------------------------------------
     0 | D:1      | diana the Demonspawn Gladiator began the quest for the Orb.
     0 | D:1      | Reached XP level 1. HP: 16/16 MP: 1/1
    72 | D:1      | Reached skill level 3 in Long Blades
   134 | D:1      | Gained mutation: You are partially covered in icy blue scales. (AC +2) [demonic ancestry]
   134 | D:1      | Reached XP level 2. HP: 18/22 MP: 2/2
   831 | D:1      | Reached XP level 3. HP: 26/27 MP: 3/3
  1264 | D:2      | Reached skill level 4 in Long Blades
  1769 | D:3      | Gained mutation: You are mostly covered in icy blue scales. (AC +3) [demonic ancestry]
  1769 | D:3      | Reached XP level 4. HP: 28/33 MP: 4/4
  1942 | D:3      | Found an opulent altar of Gozag.
  2247 | D:4      | Noticed Tiareth's ghost (amateur DEWz)
  2325 | D:4      | Reached skill level 5 in Long Blades
  2379 | D:4      | Noticed a bullfrog
  2399 | D:4      | Slain by a bullfrog

Skill      XL: |  1  2  3  4 |
---------------+-------------+-----
Long Blades    | 3 4 5 |  5.2
Fighting       | |  2.0
Throwing       | |  1.7
Dodging        | |  2.6

Action                   |  1- 3 |  4- 6 || total
-------------------------+-------+-------++-------
Melee: Long sword        |   102 |    51 ||   153
 Stab: Sleeping          |       |     1 ||     1
  Eat: Chunk             |     2 |     2 ||     4
Armor: Leather armour    |    43 |    16 ||    59
Dodge: Dodged            |    79 |    41 ||   120
       Rpst.: Long sword |    27 |     9 ||    36
